 Dungeon Crawl Stone Soup version 0.28-a0-1236-gb25a51b929 (webtiles) character file.

Game seed: 12758808533342235473

3816 ragingrage the Summoner (level 9, -3/41 HPs)
             Began as a Felid Summoner on Dec 25, 2021.
             Was an Initiate of Gozag.
             Slain by a boulder beetle (44 damage)
             ... on level 9 of the Dungeon.
             The game lasted 00:36:05 (17427 turns).

ragingrage the Summoner (Felid Summoner)           Turns: 17427, Time: 00:36:05

Health: -3/41      AC:  2    Str:  4    XL:     9   Next: 97%
Magic:  8/17       EV: 40    Int: 20    God:    Gozag
Gold:   583        SH:  0    Dex: 24    Spells: 1/18 levels left
                                        Lives:  0   Deaths: 3

rFire   . . .      SeeInvis +   (weapon unavailable)
rCold   . . .      Faith    .   (shield unavailable)
rNeg    . . .      Spirit   .   (armour unavailable)
rPois   .          Reflect  .   (helmet unavailable)
rElec   +          Harm     .   (cloak unavailable)
rCorr   .          Rampage  .   (gloves unavailable)
Will    +....                   (boots unavailable)
Stlth   +++.......              v - amulet of the acrobat
HPRegen 0.13/turn               w - ring of wizardry
MPRegen 0.15/turn               y - ring of Greed {rElec Dex+6}

@: acrobatic, quick
A: very small, claws 1, fangs 3, see invisible, speed 1, shaggy fur 2, stealthy
paws, no weapons or thrown items, no armour, multi-lived
a: Renounce Religion, Potion Petition, Call Merchant, Bribe Branch


You were on level 9 of the Dungeon.
You worshipped Gozag.
Gozag was pleased with you.
You visited 2 branches of the dungeon, and saw 12 of its levels.
You also visited: Ossuary.

You collected 1415 gold pieces.
You spent 726 gold pieces at shops.
You paid 106 gold pieces to Gozag.

Inventory:

Jewellery
 v - an amulet of the acrobat (around neck)
 w - a ring of wizardry (left paw)
 x - a ring of flight
 y - the ring of Greed (right paw) {rElec Dex+6}
   (You acquired it on level 1 of the Dungeon)

   [ring of dexterity]

   Dex:       It affects your dexterity (+6).
   rElec:     It insulates you from electricity.
Wands
 c - a wand of flame (25)
 p - a wand of charming (1)
 s - a wand of mindburst (17)
 t - a wand of iceblast (13)
Scrolls
 d - a scroll of torment
 g - a scroll of amnesia
 j - 2 scrolls of summoning
 n - 3 scrolls of magic mapping
 q - 3 scrolls of teleportation
 r - 5 scrolls of identify
 u - a scroll of fear {unknown}
 z - a scroll of acquirement
Potions
 a - a potion of berserk rage
 b - 4 potions of curing
 e - 2 potions of brilliance {unknown}
 f - 2 potions of lignification
 h - 2 potions of heal wounds {unknown}
 i - a potion of haste {unknown}
 k - 2 potions of flight
 l - 2 potions of invisibility
 m - a potion of mutation {unknown}
 o - a potion of cancellation {unknown}


   Skills:
 + Level 5.9 Fighting
 + Level 8.4 Dodging
 - Level 2.6 Stealth
 + Level 5.3 Spellcasting
 - Level 5.0 Hexes
 * Level 13.1 Summonings
 - Level 5.0 Air Magic


You had one spell level left.
You knew the following spells:

 Your Spells              Type           Power      Damage    Failure   Level
b - Call Imp              Summ           55%        N/A       1%          2
c - Call Canine Familiar  Summ           55%        N/A       1%          3
d - Summon Guardian Gole  Hex/Summ       41%        N/A       1%          3
e - Summon Lightning Spi  Summ/Air       41%        N/A       1%          4
f - Summon Mana Viper     Hex/Summ       41%        N/A       3%          5

Your spell library contained the following spells:

 Spells                   Type           Power      Damage    Failure   Level
 Summon Small Mammal      Summ           100%       N/A       1%          1
 Animate Skeleton         Necr           10%        N/A       4%          1
 Pain                     Necr           20%        1d5       4%          1
 Tukima's Dance           Hex            25%        N/A       1%          3
 Corpse Rot               Necr/Air       30%        N/A       2%          2
 Ensorcelled Hibernation  Hex/Ice        30%        N/A       2%          2
 Summon Ice Beast         Ice/Summ       31%        N/A       3%          4
 Vampiric Draining        Necr           5%         2d6       14%         3
 Monstrous Menagerie      Summ           27%        N/A       17%         7
 Dispel Undead            Necr           5%         3d7       41%         4
 Olgreb's Toxic Radiance  Pois           5%         N/A       41%         4
 Fireball                 Conj/Fire      2%         3d4       75%         5
 Iskenderun's Battlesphe  Conj           5%         2d6       75%         5
 Conjure Ball Lightning   Conj/Air       7%         3x3d6     91%         6
 Death Channel            Necr           2%         N/A       99%         6
 Orb of Destruction       Conj           2%         9d1       100%        7
 Ozocubu's Refrigeration  Ice            2%         4d5       100%        7
 Ignition                 Fire           2%         3d3       100%        8


Dungeon Overview and Level Annotations

Branches:
Dungeon (11/15)            Temple (1/1) D:6             Orc (0/2) D:11
Ossuary (visited)
   Lair: D:8-11

Altars:
Ashenzari
Cheibriados
Dithmenos
Elyvilon
Fedhas
Gozag
Hepliaklqana
Kikubaaqudgha
Makhleb
Nemelex Xobeh
Okawaru
Qazlal
Ru
Sif Muna
Trog
Uskayaw
Vehumet
Xom
Yredelemnul
Zin
The Shining One

Shops:
D:1 ?   D:8 :

Annotations:
D:5 exclusion: downstairs
D:8 exclusion: downstairs
D:9 1 exclusion
D:10 exclusion: 2 downstairs
D:11 Erica, Snorg


Innate Abilities, Weirdness & Mutations

You have sharp claws.
You have razor-sharp teeth.
You have supernaturally acute eyesight. (SInv)
You cover ground quickly. (Speed+)
You are covered in thick fur. (AC +2)
Your paws help you pounce on unaware monsters.
You are incapable of wielding weapons or throwing items.
You cannot wear armour.
You gain extra lives every three experience levels.


Message History

Your lightning spire shoots out a bolt of lightning at the boulder beetle!
The bolt of electricity hits the boulder beetle but does no damage.
Your wolf bites the boulder beetle but does no damage.
The boulder beetle closely misses your wolf.
The boulder beetle stops rolling and uncurls.
Your wolf bites the boulder beetle.
The boulder beetle leaps!
Your lightning spire shoots out a bolt of lightning at the boulder beetle!
The bolt of electricity hits the boulder beetle!
The boulder beetle barely misses your wolf.
Your wolf bites the boulder beetle but does no damage. x2
The boulder beetle bites your guardian golem!
Your wolf bites the boulder beetle but does no damage.
Your guardian golem overheats!
The boulder beetle waves its antennae.
The boulder beetle leaps!
You start resting.
A boulder beetle is nearby!
What are your orders? t - Meow!
Orders for allies: a - Attack new target. r - Retreat! s - Stop attacking. g - Guard the area. f - Follow me.
Anything else - Cancel.
Gang up on whom?
Press: ? - help, Dir - move target, f - boulder beetle
Aim: a boulder beetle (lightly wounded, ally target) Attack!
The boulder beetle curls into a ball and begins rolling!
The boulder beetle hits something!!!
The boulder beetle stops rolling and uncurls.
Your guardian golem disappears in a puff of smoke!
Your guardian golem explodes!
The boulder beetle curls into a ball and begins rolling!
Your lightning spire shoots out a bolt of lightning at the boulder beetle!
The bolt of electricity hits the boulder beetle.
The boulder beetle is engulfed in blazing flames.
The boulder beetle hits you!!!
Ouch! That really hurt!
You die...
Your body crumbles into a pile of gold.

##.###................#....#..
#....................#..##..#.
#............###....#...##...#
###..........###...#.........h
##.......##○°☼§.......[...### ##
#........####°§......)..[..##
.#####..........§§§...#...<.#..##
..#...(..........B....#....#...##
....>....###....@......(..##.....
.#..#.>..##..(..8.......##......#
##########.....##.....#.##.......
###.####....##.)..#..#.. ###
###....#...##.....
#...........#.#...
#.......#.....#...
#.......##........
.........#.........


You could see a boulder beetle (rolling, ally target) and a friendly lightning
spire (summoned).

Vanquished Creatures
  Grinder (D:6)
  A hornet zombie (D:8)
  A bullfrog (D:7)
  A centaur skeleton (D:6)
  An adder (D:6)
  A dart slug (D:2)
  An orc (D:5)
  2 bats
  3 giant cockroaches
  A goblin (D:2)
  A jackal (D:2)
  2 quokkas
  A ball python (D:2)
  A ball python skeleton (Ossuary)
  3 frilled lizards
  A hobgoblin zombie (Ossuary)
  4 kobolds
  An orc skeleton (Ossuary)
  2 rats
29 creatures vanquished.

Vanquished Creatures (collateral kills)
  A boulder beetle (D:11)
  A death yak (D:10)
  A kobold demonologist (D:10)
  A wraith (Ossuary)
  6 yaks (D:10)
  A steam dragon (D:8)
  A vampire mosquito (D:11)
  Duvessa (D:5)
  2 ice beasts
  A black bear (D:6)
  2 necrophages
  2 centaurs
  2 phantoms
  4 bullfrogs
  4 scorpions
  Dowan (D:5)
  A howler monkey (D:8)
  3 centaur zombies
  6 orc priests
  3 centaur skeletons
  A gnoll shaman (D:7)
  3 hounds
  2 iguanas
  A jelly (D:4)
  Jessica (D:2)
  8 orc wizards
  A nameless horror (D:2)
  A hound zombie (D:5)
  6 gnolls
  11 adders
  An adder skeleton (D:4)
  2 adder zombies (Ossuary)
  5 worms
  2 dart slugs
  25 orcs
  A bat (D:3)
  3 endoplasms
  2 goblins (D:1)
  3 hobgoblins
  A jackal (D:2)
  3 quokkas
  A ball python (D:2)
  A hobgoblin zombie (Ossuary)
  20 kobolds
  A kobold zombie (Ossuary)
  4 rats
154 creatures vanquished.

Vanquished Creatures (others)
  Joseph (D:8)
  A troll (D:10)
  Sigmund (D:6)
  A wraith (Ossuary)
  7 yaks (D:10)
  A vampire mosquito (D:10)
  2 orc warriors
  An ogre (D:6)
  2 centaurs
  2 kobold brigands
  A bullfrog (D:6)
  A scorpion (D:5)
  7 wights
  A howler monkey (D:10)
  3 jellies
  3 gnolls (D:7)
  An adder (D:5)
  5 orcs
  2 fungi
  18 plants (D:1)
61 creatures vanquished.

Grand Total: 244 creatures vanquished

Notes
Turn   | Place    | Note
-------+----------+-------------------------------------------
     0 | D:1      | ragingrage the Felid Summoner began the quest for the Orb.
     0 | D:1      | Reached XP level 1. HP: 7/7 MP: 4/4
   328 | D:1      | You fall into a shaft and drop 1 floor!
   358 | D:2      | Reached XP level 2. HP: 11/11 MP: 3/6
   673 | D:1      | Found Yfuq's Magic Scroll Shop.
   875 | D:1      | Found a faded altar of an unknown god.
  1293 | D:1      | Learned a level 2 spell: Call Imp
  2051 | D:2      | Reached XP level 3. HP: 14/14 MP: 6/8
  2055 | D:2      | Learned a level 3 spell: Call Canine Familiar
  2958 | D:2      | Found a hide-covered altar of Uskayaw.
  3206 | D:2      | Noticed a nameless horror
  3633 | D:3      | Found a burning altar of Makhleb.
  3652 | D:3      | Reached XP level 4. HP: 18/18 MP: 3/9
  3938 | D:2      | Noticed Jessica
  3949 | D:2      | Killed Jessica
  3950 | D:2      | Reached skill level 5 in Summonings
  4287 | D:3      | Learned a level 3 spell: Summon Guardian Golem
  4342 | D:3      | Reached XP level 5. HP: 21/21 MP: 7/11
  4490 | D:3      | Reached skill level 1 in Hexes
  4750 | D:3      | Found a broken altar of Ashenzari.
  4754 | D:3      | Saw a vision of the Shoals and the Snake Pit.
  4754 | D:3      | Noticed a naga sharpshooter
  4754 | D:3      | Noticed a mana viper
  4754 | D:3      | Noticed a naga mage
  4754 | D:3      | Noticed a merfolk
  4754 | D:3      | Noticed a shock serpent
  4754 | D:3      | Noticed a merfolk
  4755 | D:3      | Noticed a naga warrior
  4756 | D:3      | Noticed a naga
  5304 | D:4      | Found a bloodstained altar of Trog.
  5331 | D:4      | Found a sand-covered staircase.
  5368 | Ossuary  | Entered an ossuary
  5414 | Ossuary  | Gained mutation: You are covered in thick fur. (AC +2)
                  | [Felid growth]
  5414 | Ossuary  | Reached XP level 6. HP: 21/24 MP: 7/13
  5419 | Ossuary  | Learned a level 4 spell: Summon Lightning Spire
  5579 | Ossuary  | Reached skill level 6 in Summonings
  5692 | Ossuary  | Noticed a wraith
  5692 | Ossuary  | Noticed a flying skull
  5701 | Ossuary  | Noticed a flying skull
  5727 | Ossuary  | Noticed a flying skull
  5743 | Ossuary  | Noticed a flying skull
  5764 | Ossuary  | Noticed a wraith
  5780 | Ossuary  | Killed a wraith
  5781 | Ossuary  | Reached XP level 7. HP: 21/27 MP: 11/14
  5849 | Ossuary  | Noticed a flying skull
  5862 | Ossuary  | Noticed a wraith
  5910 | Ossuary  | Killed a wraith
  5911 | Ossuary  | Reached skill level 7 in Summonings
  5970 | Ossuary  | Slain by a wight
  5971 | Ossuary  | Reached XP level 6. HP: 0/23 MP: 14/14
  6364 | D:4      | Reached XP level 7. HP: 23/27 MP: 12/15
  6433 | D:4      | Found a shadowy altar of Dithmenos.
  6476 | D:4      | Reached skill level 5 in Hexes
  6595 | D:4      | Reached skill level 5 in Spellcasting
  7083 | D:5      | Entered Level 5 of the Dungeon
  7158 | D:5      | Noticed Duvessa
  7158 | D:5      | Noticed Dowan
  7177 | D:5      | Killed Duvessa
  7178 | D:5      | Reached skill level 8 in Summonings
  8220 | D:5      | Killed Dowan
  8221 | D:5      | Reached skill level 9 in Summonings
  8221 | D:5      | Reached XP level 8. HP: 3/31 MP: 9/16
  9585 | D:6      | Found an ancient bone altar of Kikubaaqudgha.
  9873 | D:6      | Found a stormy altar of Qazlal.
  9915 | D:6      | Reached skill level 10 in Summonings
  9938 | D:6      | Noticed Grinder
  9971 | D:6      | Killed Grinder
  9972 | D:6      | Reached skill level 1 in Fighting
 10096 | D:6      | Reached skill level 1 in Air Magic
 10107 | D:6      | Noticed Sigmund
 10131 | D:6      | Killed Sigmund
 10443 | D:6      | Reached XP level 9. HP: 27/36 MP: 10/17
 10598 | D:6      | Found a staircase to the Ecumenical Temple.
 10633 | Temple   | Entered the Ecumenical Temple
 10676 | Temple   | Became a worshipper of Gozag Ym Sagoz the Greedy
 10831 | D:1      | Bought a scroll of teleportation for 36 gold pieces
 10831 | D:1      | Bought a scroll of identify for 24 gold pieces
 10831 | D:1      | Bought a scroll of magic mapping for 42 gold pieces
 11958 | D:7      | Reached skill level 11 in Summonings
 12188 | D:7      | Reached skill level 5 in Dodging
 13020 | D:8      | Found a sacrificial altar of Ru.
 13498 | D:8      | Killed from afar by an orc priest
 13499 | D:8      | Reached XP level 8. HP: -1/36 MP: 14/16
 13645 | D:8      | Found a glowing golden altar of the Shining One.
 13772 | D:8      | Found Syha's Book Boutique.
 13917 | D:8      | Noticed Joseph
 13935 | D:8      | Killed Joseph
 13936 | D:8      | Reached XP level 9. HP: 39/39 MP: 10/17
 14161 | D:8      | Found a basalt altar of Yredelemnul.
 14310 | D:8      | Noticed an angel
 14985 | D:1      | Bought a scroll of acquirement for 624 gold pieces
 14985 | D:1      | Acquired the ring of Greed {rElec Dex+6}
 15281 | D:9      | Noticed a deep elf pyromancer
 15281 | D:9      | Noticed a manticore
 15281 | D:9      | Noticed a boulder beetle
 15281 | D:9      | Noticed a six-headed hydra
 15281 | D:9      | Noticed a rakshasa
 15281 | D:9      | Noticed a centaur warrior
 15281 | D:9      | Noticed a boulder beetle
 15341 | D:10     | Entered Level 10 of the Dungeon
 15358 | D:10     | Reached skill level 12 in Summonings
 15460 | D:10     | Noticed a kobold demonologist
 15475 | D:10     | Noticed a rust devil
 15477 | D:10     | Killed a kobold demonologist
 15914 | D:10     | Noticed a troll
 15963 | D:10     | Killed a troll
 15964 | D:10     | Reached XP level 10. HP: 43/43 MP: 13/18
 16058 | D:10     | Found a blossoming altar of Fedhas.
 16168 | D:10     | Found an iron altar of Okawaru.
 16181 | D:10     | Reached skill level 5 in Fighting
 16302 | D:10     | Learned a level 5 spell: Summon Mana Viper
 16417 | D:10     | Reached skill level 5 in Air Magic
 16630 | D:11     | Noticed Erica
 16771 | D:11     | Found a staircase to the Orcish Mines.
 16776 | D:11     | Noticed a boulder beetle
 16807 | D:11     | Killed a boulder beetle
 16808 | D:11     | Reached skill level 13 in Summonings
 16923 | D:11     | Noticed a death yak
 17167 | D:11     | Noticed a death yak
 17167 | D:11     | Noticed a death yak
 17167 | D:11     | Noticed a death yak
 17167 | D:11     | Noticed Snorg
 17170 | D:10     | Slain by a death yak
 17171 | D:10     | Reached XP level 9. HP: -3/41 MP: 17/17
 17235 | D:10     | Killed a death yak
 17427 | D:9      | Slain by a boulder beetle

Illustrated notes

Levels and vault maps discovered:
D:1:      nicolae_arrival_memento_mori, layout_loops_ring, serial_shops, shop,
          dreamdust_ecumenical_altar_grove, lexackson_kobold_supper
D:2:      minmay_door_path, layout_loops_corners, basic_altar, uniq_jessica
D:3:      layout_loops_ring, grunt_ashenzari_visionary
          [grunt_ashenzari_visionary_shoals, grunt_ashenzari_visionary_snake],
          bloody_makhleb
D:4:      layout_loops_ring, mainiacjoe_overflow_chevrons,
          amcnicky_altar_gilded, nicolae_ossuary_entry_monument,
          minmay_a_box_with_orc_wizards_in_it
D:5:      layout_basic, uniq_duvessa
D:6:      layout_rooms, nicolae_qazlal_scattered_showers,
          overflow_temple_1_default, minmay_temple_entry_glass, uniq_grinder,
          uniq_sigmund
D:7:      layout_basic, minmay_misc_feat_enclosed
D:8:      layout_rooms, grunt_temple_overflow_holy_war,
          nicolae_overflow_crystal_walls, serial_shops, shop, uniq_joseph
D:9:      layout_cave_pools, nicolae_wu_jian_immortal_techniques,
          nicolae_uskayaw_murder_on_the_dancefloor, minivault_26, minivault_28
D:10:     layout_roguey, fedhas_altar_3, okawaru_metal_pillars_3,
          serial_aquarium, aquarium_bridge_island_large
          [aquarium_subvault_large_open, aquarium_subvault_bridge,
          aquarium_subvault_window, aquarium_subvault_bridge,
          aquarium_subvault_balcony], aquarium_window_1, aquarium_window_fake,
          aquarium_window_2, aquarium_view_2d, minmay_unpleasant_kobolds
D:11:     layout_cave_pools, dpeg_lair_monsters, orc_0_dummy,
          portal_ice_cave_entry_animals_and_master, uniq_erica, uniq_snorg
Temple:   jpeg_temple_island

Skill      XL: |  1  2  3  4  5  6  7  8  9 10 |
---------------+-------------------------------+-----
Spellcasting   | 3 4 5 |  5.3
Summonings     | 5 6 9 10 12 13 | 13.1
Hexes          | 2 3 5 |  5.0
Fighting       | 4 3 5 |  5.9
Dodging        | 6 7 8 |  8.4
Air Magic      | 1 4 5 |  5.0
Stealth        | |  2.6

Action                   |  1- 3 |  4- 6 |  7- 9 | 10-12 || total
-------------------------+-------+-------+-------+-------++-------
Melee: Unarmed           |    71 |    29 |    37 |    13 ||   150
       Bite              |     7 |     4 |     1 |     1 ||    13
 Cast: Summon Small Mamm |    29 |    22 |    16 |     1 ||    68
       Call Imp          |    18 |    18 |    21 |     2 ||    59
       Call Canine Famil |     3 |    11 |    50 |     7 ||    71
       Summon Guardian G |       |     6 |    43 |     7 ||    56
       Summon Lightning  |       |       |     6 |     3 ||     9
Evoke: Wand              |       |       |     1 |       ||     1
  Use: Potion            |     1 |       |       |       ||     1
       Scroll            |       |       |    12 |     1 ||    13
 Stab: Sleeping          |     4 |     3 |     1 |       ||     8
       Distracted        |       |       |     2 |     1 ||     3
Armor: Skin              |     9 |       |    11 |       ||    20
Dodge: Dodged            |    86 |    35 |   121 |    37 ||   279

Table legend: (Time is in decaauts)
 A = Elapsed time spent in this place.
 B = Non-inter-level travel time spent in this place.
 C = Inter-level travel time spent in this place.
 D = Time resting spent in this place.
 E = Time spent auto-exploring this place.
 F = Levels seen in this place.
 G = Mean time per level.
                   A        B        C        D        E       F      G
               +--------+--------+--------+--------+--------+-----+--------+
         Total |  15842 |  14671 |   1171 |   4257 |   7176 |  13 | 1218.6 |
       Dungeon |  15043 |  13900 |   1143 |   4017 |   6971 |  11 | 1367.5 |
        Temple |     60 |     32 |     28 |      0 |     27 |   1 |   60.0 |
       Ossuary |    738 |    738 |      0 |    240 |    178 |   1 |  738.0 |
               +--------+--------+--------+--------+--------+-----+--------+

Top non-repeatable levels by time:
     D:2: 2416 daAuts
     D:5: 2127 daAuts
     D:8: 1848 daAuts
    D:10: 1697 daAuts
     D:4: 1624 daAuts
     D:1: 1599 daAuts
     D:7: 1233 daAuts
     D:6: 1088 daAuts
     D:3: 838 daAuts
 Ossuary: 738 daAuts
     D:9: 485 daAuts
    D:11: 83 daAuts
  Temple: 60 daAuts
